Unix xNetHack Version 7.1.0 - last build Jul 4 2022 02:09:00 (ec8469f2eb63cac24863ec985b09651f3a72bf9f). Game began 2022-07-04 11:38:44, ended 2022-07-04 12:01:35. nmlkj, chaotic male human Wizard -------------- .......................**..............|.--- .----------#------------[-----------).|....------. .#...........................(.` .|..----..[[..... .|.---------.-------.----------- -.|..---..----.... .|(| |.|.....|.| |...| |.|[.)...-- |.<... .|.| ..|.._..|.. |...| |.|.)----- |..... .|.| |.|@....|(| ....| |.|..| --.... .|.---------.|`..``|.-----... |.|..| |.... .|.........`.--...--.....--.------)|`.| |-... ..---.|.........{........{...)...*......|.-- ---.... |......|......```...(..........--.---.--.|.| |...... |..---.|.--.--- -----......-----... ...|.|.| |...... --.| |...|...| |......| |.`.|...|.|.| --.| |.| |`|.|.`.| |......| |. `|...|...| --- |.|.| .|.|. .| |....(.| . `...|.|.| ....| .|.------------..(...-------------.|.| --..| .|.........................(......`|.| ---- |.------------------.----------------.| |...**.................*..............| --------------------------------------- Nmlkj the Thaumaturge St:10 Dx:11 Co:12 In:18 Wi:11 Ch:12 Chaotic S:3595 Dlvl:5 $:363 HP:0(57) Pw:46(60) AC:6 Xp:7/758 T:2098 Burdened Latest messages: In what direction? h The boulder falls apart. The boulder falls apart. You see here 22 rocks. You see here 28 rocks. You see here 28 rocks. You see here 22 rocks. You see here 6 rocks. A crude dagger misses you. You have a little trouble lifting R - a tattered cape {10}. You are hit by a crude dagger. What do you want to drop? A tattered cape lands on the altar. You have a little trouble lifting R - an uncursed tattered cape {10}. What do you want to take off? You finish taking off your shoes. What do you want to wear? You finish your dressing maneuver. What do you want to remove? What do you want to wear? You are now wearing a cloak of protection. A scroll labeled PHOL ENDE WODAN lands on the altar. You have a little trouble lifting O - an uncursed scroll labeled PHOL ENDE WODAN {5}. A gold spellbook lands on the altar. You have a little trouble lifting P - an uncursed gold spellbook {40}. A magic marker (0:34) lands on the altar. A credit card lands on the altar. You have a little trouble lifting M - an uncursed credit card {1}. You have a little trouble lifting g - a magic marker (0:34) {2}. What do you want to take off? You were wearing an uncursed +0 cloak of protection {10}. What do you want to wear? You are now wearing a cloak of magic resistance. Wait! There's something there you can't see! It rends you! It gashes you! In what direction? b The spell misses it. In what direction? b The spell misses it. It hacks you! It slashes you! In what direction? b The spell hits it! In what direction? b The spell hits it! It gashes you! It slashes you! It rends you! You die... Major events: Turn 1: nmlkj the chaotic male human Wizard entered the dungeon 434: entered the Gnomish Mines 501: attained the rank of Conjurer (level 3) 1035: reached Mine Town 1145: attained the rank of Thaumaturge (level 6) 2098: killed by an invisible orc-captain Inventory: Inventory: 694/600 weight (41/52 slots) Coins $ - 363 gold pieces {4} Amulets w - an uncursed mithril amulet of restful sleep {14} Weapons x - a +0 mithril crossbow bolt {1} y - a blessed +0 silver dagger {11} t - a rustproof +0 dagger {10} s - 3 +4 daggers named Dagger of Virtue {30} K - a +0 orcish dagger {10} a - a blessed +1 quarterstaff {40} Armor C - an uncursed +0 plastic helmet (being worn) {6} u - an uncursed +2 pair of mithril dwarvish boots {31} D - a blessed +2 pair of low boots (being worn) {8} b - an uncursed +0 cloak of magic resistance (being worn) {8} R - an uncursed +0 cloak of protection {10} q - an uncursed +0 dwarvish cloak {10} Comestibles n - an uncursed slime mold {5} F - an uncursed tripe ration {10} Scrolls h - 2 uncursed scrolls of confuse monster {10} r - an uncursed scroll of create monster {5} m - 2 uncursed scrolls of destroy armor {10} j - an uncursed scroll of enchant weapon {5} O - an uncursed scroll of gold detection {5} v - an uncursed scroll of identify {5} Spellbooks P - an uncursed spellbook of clairvoyance {40} c - a blessed spellbook of force bolt {35} I - an uncursed spellbook of force bolt {35} J - an uncursed spellbook of haste self {45} H - an uncursed spellbook of healing {35} d - a blessed spellbook of magic missile {40} G - an uncursed spellbook of protection {35} f - an uncursed spellbook of remove curse {45} e - a blessed spellbook of slow monster {35} Potions i - 2 uncursed potions of gain ability {40} k - a blessed potion of monster detection {20} Wands p - a wand of speed monster (0:8) {7} Tools o - a bag of tricks (0:6) {15} M - an uncursed credit card {1} l - an uncursed lock pick {4} g - a magic marker (0:34) {2} E - an uncursed pea whistle {3} A - an uncursed copper skeleton key {3} N - an uncursed towel {5} Gems/Stones Q - an uncursed worthless piece of red glass {1} Nmlkj the Wizard's attributes: Background: You were a Thaumaturge, a level 7 male human Wizard. You were chaotic, on a mission for Anhur who was opposed by Ptah (lawful) and Thoth (neutral). You were heterosexual. You were in the Gnomish Mines, on level 5. You entered the dungeon 2098 turns ago. You had 758 experience points, 522 more were needed to attain level 8. Your score was 3595 before end-of-game adjustments. Basics: You had 0 out of 57 hit points. You had 46 out of 60 energy points (spell power). Your armor class was 6. Your wallet contained 363 zorkmids. Autopickup was on for '$"?+!=/' plus thrown. Final Characteristics: Your strength was 10 (peak:12, limit:18/100). Your dexterity was 11 (limit:18). Your constitution was 12 (limit:18). Your intelligence was 18 (limit:18). Your wisdom was 11 (limit:18). Your charisma was 12 (limit:18). Final Status: You were not hungry. You were burdened; movement was slightly slowed. You were bare handed. You were unskilled in bare handed combat. Final Attributes: You were devoutly aligned. You were magic-protected. You were warded. You are dead. Miscellaneous: You never encountered a bones level. Total elapsed playing time was 22 minutes and 51 seconds. Vanquished creatures: 4 orc-captains 3 Uruk-hai 3 orc shamans a rock mole 2 gnome leaders a little dog 4 dwarves 8 hill orcs a werejackal 3 hobbits 2 giant rats a yellow mold 18 gnomes a jackal a fox 3 goblins a sewer rat 2 grid bugs 3 lichens 2 newts 64 creatures vanquished. No species were genocided or became extinct. Voluntary challenges: You were illiterate. You never genocided any monsters. You never polymorphed an object. You never changed form. You never touched an artifact. You used no wishes. You never owned a pet. You never scared an enemy with impunity. You were celibate. You never generated conflict. Achievements: You entered a shop. You entered the Gnomish Mines. You attained the rank of Conjurer. You entered Minetown. You attained the rank of Thaumaturge. The Dungeons of Doom: levels 1 to 3 Level 1: A sink. Level 2: A bookstore, many fountains. Stairs down to The Gnomish Mines. Level 3: A tree. The Gnomish Mines: levels 3 to 5 Level 3: Level 4: Level 5: <- You were here. An altar, some fountains. Final resting place for you, killed by an invisible orc-captain. Game over: __________ / \ / REST \ / IN \ / PEACE \ / \ | nmlkj | | 363 Au | | killed by an | | invisible | | orc-captain | | | | 2022 | *| * * * | * _________)/\\_//(\/(/\)/\//\/|_)_______ Goodbye nmlkj the Wizard... You died in The Gnomish Mines on dungeon level 5 with 3559 points, and 363 pieces of gold, after 2098 moves. You were level 7 with a maximum of 57 hit points when you died.